 Dungeon Crawl Stone Soup version 0.27-a0-364-g31b3477d74 (webtiles) character file.

Game seed: 12471323066183447744

4 Klosterheim the Sneak (level 1, 0/10 HPs)
             Began as a Felid Delver on Feb 16, 2021.
             Was an Initiate of Makhleb.
             Slain by a worm (10 damage)
             ... on level 3 of the Dungeon on Feb 17, 2021.
             The game lasted 00:03:51 (299 turns).

Klosterheim the Sneak (Felid Delver)                 Turns: 299, Time: 00:03:52

Health: 0/10       AC:  1    Str:  8    XL:     1   Next: 50%
Magic:  2/2        EV: 18    Int: 11    God:    Makhleb [......]
Gold:   17         SH:  0    Dex: 17    Spells: 0/0 levels left
                                        Lives:  0   Deaths: 0

rFire    . . .     SeeInvis +     - Unarmed
rCold    . . .     Faith    .   (shield unavailable)
rNeg     . . .     Spirit   .   (armour unavailable)
rPois    .         Reflect  .   (helmet unavailable)
rElec    .         Harm     .   (cloak unavailable)
rCorr    .         Rampage  .   (gloves unavailable)
Will     .....                  (boots unavailable)
Stlth    ++++......             (no amulet)
HPRegen  0.03/turn              (no ring)
MPRegen  0.08/turn              (no ring)

@: quick
A: very small, no armour, no weapons or thrown items, stealth, claws 1, fangs 3,
see invisible, speed 1, shaggy fur 1, sharp paws
a: Renounce Religion


You were on level 3 of the Dungeon.
You worshipped Makhleb.
Makhleb was noncommittal.
You visited 2 branches of the dungeon, and saw 4 of its levels.

You collected 17 gold pieces.

Inventory:

Wands
 e - a wand of digging (3)
Scrolls
 a - a scroll of fog
 c - a scroll of fear
Potions
 d - a potion of haste
 f - a potion of heal wounds {unknown}


   Skills:
 + Level 3.0 Fighting
 + Level 2.8 Dodging
 + Level 6.6 Stealth
 * Level 2.1 Unarmed Combat


You couldn't memorise any spells.
You didn't know any spells.
Your spell library was empty.

Dungeon Overview and Level Annotations

Branches:
Dungeon (5/15)             Temple (1/1) D:5

Altars:
Dithmenos
Elyvilon
Hepliaklqana
Makhleb
Okawaru
Uskayaw


Innate Abilities, Weirdness & Mutations

You cannot wear armour.
You are incapable of wielding weapons or throwing items.
Your paws allow you to move quietly. (Stealth)
You have sharp claws.
You have razor-sharp teeth.
You have supernaturally acute eyesight. (SInv)
You cover ground quickly.
You are covered in fur. (AC +1)
Your sharp claws are effective at attacking unaware monsters.


Message History

A frilled lizard comes into view.
The frilled lizard hisses angrily.
The frilled lizard bites you. The frilled lizard bites you.
The frilled lizard misses you. The frilled lizard bites you.
You closely miss the frilled lizard. Your bite misses the frilled lizard.
The frilled lizard misses you.
You scratch the frilled lizard.
You kill the frilled lizard!
Makhleb accepts your kill.
You start resting.
You hear the slow rusting of a drain nearby.
You start resting.
You hear the slow rusting of a drain nearby.
You start resting.
HP restored.
You hear the slow rusting of a drain nearby.
Found a stone staircase leading up.
A worm comes into view.
The helpless worm fails to defend itself.
You mangle the worm!!
You kill the worm!
Makhleb accepts your kill.
Found 17 gold pieces.
A worm comes into view.
You see here 17 gold pieces.
A river rat comes into view.
You see here 17 gold pieces.
You now have 17 gold pieces.
You scratch the worm.
The worm is moderately wounded.
The worm closely misses you.
You scratch the worm.
The worm is heavily wounded.
You scratch the worm but do no damage.
The worm is heavily wounded.
The worm bites you!
Ouch! That really hurt!
You die...

*,,,,,,,,,###****,*,***** *
*,**,*****#..,,,,,,,,,,,* *
*,**,* #.#****,*,***,* *
*,,*,* #.# *,*,***,* *
**,*,* #.# *,*,,**,****
*,*,* #.#####.##.#,,,,**
*,*,* #...........,,,,**
*,*.######w###.w..≈..,,,,**
*,*.......@..#..≈≈≈≈r,≈,,*
*,*#######.#.#####≈#≈*≈≈**
*,* #.#.##≈≈≈≈≈≈≈≈≈*
*,***#####....#≈****#****
*,,,,,...#....#≈≈≈≈≈≈*≈*
******##.#.#.##***≈*≈*≈*
#....<..#≈≈≈≈*≈*≈*
#.......#≈**≈*≈*≈*
#.##.#.##≈*≈≈*≈*≈*


You could see a worm.

Vanquished Creatures
  A worm (D:3)
  A frilled lizard (D:3)
2 creatures vanquished.

Notes
Turn   | Place    | Note
-------+----------+-------------------------------------------
     0 | D:5      | Klosterheim the Felid Delver began the quest for the Orb.
     0 | D:5      | Reached XP level 1. HP: 10/10 MP: 2/2
    15 | Temple   | Entered the Ecumenical Temple
    32 | Temple   | Became a worshipper of Makhleb the Destroyer
   299 | D:3      | Slain by a worm

Illustrated notes

Levels and vault maps discovered:
D:3:      layout_loops_ring, chequers_temple_overflow_statue_of_worship,
          nemelex_xobeh_ov_fountains_minmay, lightli_sewer_entry_pipes,
          serial_bayou_lagoon_a
D:4:      layout_loops_cross, kennysheep_big_empty_room
D:5:      layout_cave_pods, temple_pool_b, elyvilon_altar_3,
          uniq_prince_ribbit1, uniq_eustachio, uniq_duvessa, uniq_blork_the_orc
Temple:   nicolae_temple_elliptical

Action                   || total
-------------------------++-------
Melee: Unarmed           ||     6
  Use: Scroll            ||     1
 Stab: Sleeping          ||     1
Dodge: Dodged            ||     3

Table legend: (Time is in decaauts)
 A = Elapsed time spent in this place.
 B = Non-inter-level travel time spent in this place.
 C = Inter-level travel time spent in this place.
 D = Time resting spent in this place.
 E = Time spent auto-exploring this place.
 F = Levels seen in this place.
 G = Mean time per level.
                   A        B        C        D        E       F      G
               +--------+--------+--------+--------+--------+-----+--------+
         Total |    270 |    210 |     60 |    118 |     28 |   4 |   67.5 |
       Dungeon |    245 |    208 |     37 |    118 |     28 |   3 |   81.7 |
        Temple |     25 |      3 |     22 |      0 |      0 |   1 |   25.0 |
               +--------+--------+--------+--------+--------+-----+--------+

Top non-repeatable levels by time:
     D:3: 189 daAuts
     D:5: 34 daAuts
  Temple: 25 daAuts
     D:4: 22 daAuts
